 Dungeon Crawl Stone Soup version 0.17-a0-1987-gaf5a542 (webtiles) character file.

37 mcbry74 the Caller (level 3, 0/19 HPs)
             Began as a Tengu Summoner on Oct 6, 2015.
             Succumbed to an adder's poison
             ... on level 2 of the Dungeon.
             The game lasted 00:10:26 (1726 turns).

mcbry74 the Caller (Tengu Summoner)                 Turns: 1726, Time: 00:10:26

Health: 0/19       AC:  2    Str: 13      XL:     3   Next: 39%
Magic:  7/7        EV: 13    Int: 13 (16) God:
Gold:   38         SH:  0    Dex: 14      Spells: 3 memorised, 0 levels left

rFire  . . .     SeeInvis .     d - +0 dagger
rCold  . . .     Clarity  .     a - +0 robe
rNeg   . . .     SustAt   .     (no shield)
rPois  .         Gourm    .     (helmet restricted)
rElec  .         Spirit   .     (no cloak)
rCorr  .         Warding  .     (no gloves)
rMut   .         Stasis   .     (boots unavailable)
MR     .....                    (no amulet)
Stlth  ++........               (no ring)
                                (no ring)

@: mighty, lethally poisoned (0 -> -4), not resistant to hostile enchantments,
unstealthy
A: beak, talons 3
a: no special abilities


You were on level 2 of the Dungeon.
You were not hungry.

You visited 1 branch of the dungeon, and saw 2 of its levels.

You collected 38 gold pieces.

Inventory:

Hand Weapons
 d - a +0 dagger (weapon)
Armour
 a - a +0 robe (worn)
Jewellery
 e - an uncursed ring of protection from magic {unknown}
Scrolls
 f - 2 scrolls of identify {unknown}
 k - 2 scrolls of remove curse {unknown}
Books
 b - a book of Callings

   Spells                             Type                      Level
   a - Summon Small Mammal            Summoning                    1
   b - Call Imp                       Summoning                    2
   c - Call Canine Familiar           Summoning                    3
   d - Summon Guardian Golem          Hexes/Summoning              3
   e - Summon Lightning Spire         Summoning/Air                4
   f - Summon Ice Beast               Ice/Summoning                4
Comestibles
 c - a bread ration
 h - a meat ration
 j - 4 fruits
 l - a chunk of flesh


   Skills:
 + Level 2.4 Dodging
 + Level 2.0 Stealth
 + Level 2.3 Spellcasting
 + Level 5.7 Summonings


You couldn't memorise any spells.
You knew the following spells:

 Your Spells              Type           Power        Failure   Level  Hunger
a - Summon Small Mammal   Summ           ###.         2%          1    #......
b - Call Imp              Summ           ###.....     4%          2    ###....
c - Summon Guardian Gole  Hex/Summ       #.......     28%         3    ###....


Dungeon Overview and Level Annotations

Branches:
Dungeon (2/15)

Altars:
Dithmenos


Innate Abilities, Weirdness & Mutations

You have a beak for a mouth.
You have claws for feet.


Message History

The adder dies!
There is a lethal amount of poison in your body!
Drink which item? (? for menu, Esc to quit)
It was a potion of degeneration.
There was something very wrong with that liquid.
You feel dopey.
* * * LOW HITPOINT WARNING * * *
You feel sick.
Drink which item? (? for menu, Esc to quit)
It was a potion of might.
You feel very mighty all of a sudden.
You swap places.
* * * LOW HITPOINT WARNING * * *
You feel sick.
You swap places.
You see here an adder corpse.
* * * LOW HITPOINT WARNING * * *
You feel sick.
Your white imp looks more healthy.
You die...

.... ................
..... #.#.###.########
#.#..##.#.# #.#
.........# #.#
###.......###.#
.#........5.##.#
.........5#.##.#######
.#......#รท##.......#
#...@..#(##..####.#.
#..=.....#(.(.........
#.###....####.........
# .....# ##.#..#.#.
.##.... ....<# # #.
#..### ##...# . ...#
...# ## ##.# ...# ...#


You could see a friendly crimson imp and a friendly white imp.

Vanquished Creatures
  An adder (D:2)
  A giant gecko (D:1)
  3 bats
  A goblin (D:1)
  A hobgoblin (D:1)
  2 kobolds
  2 rats (D:1)
11 creatures vanquished.

Vanquished Creatures (collateral kills)
  2 adders (D:2)
  A bat (D:2)
  2 giant cockroaches (D:1)
  3 hobgoblins (D:1)
  4 goblins
  2 kobolds (D:1)
  4 rats
18 creatures vanquished.

Grand Total: 29 creatures vanquished

Notes
Turn   | Place    | Note
--------------------------------------------------------------
     0 | D:1      | mcbry74 the Tengu Summoner began the quest for the Orb.
     0 | D:1      | Reached XP level 1. HP: 10/10 MP: 4/4
   179 | D:1      | Reached skill level 5 in Summonings
   558 | D:1      | Reached XP level 2. HP: 6/15 MP: 6/6
   562 | D:1      | Learned a level 2 spell: Call Imp
  1358 | D:2      | Found a shadowy altar of Dithmenos.
  1664 | D:2      | Reached XP level 3. HP: 16/19 MP: 1/7
  1669 | D:2      | Learned a level 3 spell: Summon Guardian Golem
  1726 | D:2      | Succumbed to an adder's poison

Vault maps used:
D:1:      tarquinn_simple_flora_water_a, minmay_gold_behind_fungi, minivault_4
D:2:      nicolae_dithmenos_through_a_glass_darkly, solitary_fountain

Action                   || total
-------------------------++-------
Melee: Dagger            ||    35
 Cast: Summon Small Mamm ||    10
       Call Imp          ||    16
  Use: Potion            ||     2
 Stab: Distracted        ||     1
  Eat: Chunk             ||     2
       Beef jerky        ||     1
